Map: Acid Plant LE

Players

TRUE

  • Race: Zerg Zerg
  • Spawn Location: 11:00

Lambo - Winner!

  • Race: Zerg Zerg
  • Spawn Location: 5:00

Event: WCS Austin 2018

VOD

Have the link to the VOD?

Description

Time

  • Played on: June 2, 2018, 3:10 p.m.
  • Length: 7:00

All games in this series

Show
View Real Time Build Order
Export as new Build Order

TRUE Zerg 

Build Orders: Hatch First 

Get SALT Encoding   

  12  0:00  Drone  
  13  0:12  Overlord  
  13  0:16  Drone  
  14  0:31  Drone x2  
  14  0:35  Drone  
  17  0:51  Hatchery  
  17  0:56  Drone  
  17  1:00  Drone  
  18  1:05  Extractor  
  17  1:14  Spawning Pool  
  17  1:16  Drone  
  17  1:19  Drone  
  18  1:27  Drone  
  19  1:40  Overlord  
  19  2:00  Queen  
  21  2:03  Queen  
  21  2:05  Metabolic Boost  
  21  2:07  Drone  
  21  2:08  Drone x2  
  26  2:11  Drone  
  26  2:14  Drone  
  28  2:21  Drone  
  29  2:25  Drone  
  30  2:37  Hatchery  
  30  2:43  Queen  
  31  2:51  Drone  
  32  2:53  Baneling Nest  
  32  2:56  Drone x2  
  33  3:00  Overlord  
  33  3:04  Zergling x2  
  33  3:05  Zergling x2  
  35  3:12  Drone  
  36  3:18  Drone  
  36  3:19  Drone x2  
  39  3:20  Drone x2  
  41  3:31  Drone x2  
  43  3:42  Overlord  
  43  3:43  Drone  
  43  3:44  Lair  
  43  3:45  Extractor  
  43  3:47  Overlord  
  43  3:48  Evolution Chamber  
  42  3:52  Drone x2  
  42  3:53  Drone x2  
  42  3:54  Drone x2  
  42  3:55  Drone  
  49  4:00  Drone x2  
  50  4:04  Drone  
  50  4:07  Extractor  
  50  4:14  Zerg Melee Weapons Level 1  
  50  4:18  Drone x5  
  55  4:25  Zergling x6  
  55  4:27  Baneling x3  
  58  4:31  Overlord  
  58  4:32  Zergling x8  
  58  4:36  Queen  
  58  4:37  Zergling x2  
  65  4:39  Overlord  
  65  4:50  Zergling x6  
  65  4:51  Zergling x8  
  69  4:55  Spire, Zergling x2  
  69  4:57  Zergling x2  
  69  4:59  Zergling x2  
  71  5:00  Zergling x2  
  71  5:01  Zergling x2  
  71  5:02  Zergling x2  
  71  5:05  Zergling x2  
  75  5:09  Spine Crawler  
  75  5:10  Zergling x2  
  75  5:12  Zergling x2  
  75  5:13  Spine Crawler  
  73  5:14  Zergling x2  
  73  5:15  Zergling x2  
  73  5:17  Zergling x4  
  73  5:20  Zergling x4  
  79  5:21  Zergling x2  
  79  5:22  Zergling x2  
  81  5:28  Overlord  
  81  5:33  Zergling x2  
  81  5:35  Zergling x2  
  81  5:37  Zergling x2  
  75  5:43  Zergling x4  
  75  5:47  Zergling x6  
  73  5:50  Zergling x2  
  73  5:54  Zergling x6  
  73  5:55  Zergling x4  
  76  5:57  Zergling x2  
  76  5:58  Zergling x4  
  76  6:01  Zergling x2  
  76  6:03  Baneling x2  
  80  6:06  Zergling x4  
  78  6:17  Mutalisk  
  70  6:22  Mutalisk  
  67  6:28  Mutalisk  
  67  6:29  Mutalisk  
  67  6:30  Zergling x2  
Show
View Real Time Build Order
Export as new Build Order

Lambo Zerg - Winner!

Build Orders: Hatch First 

Get SALT Encoding   

  12  0:00  Drone  
  13  0:12  Overlord  
  13  0:17  Drone  
  14  0:31  Drone x2  
  16  0:36  Drone  
  17  0:52  Hatchery  
  17  0:55  Drone  
  17  0:58  Drone  
  18  1:08  Extractor  
  17  1:13  Spawning Pool  
  17  1:15  Drone  
  17  1:20  Drone  
  18  1:28  Drone  
  19  1:40  Overlord  
  19  1:50  Drone  
  20  1:59  Queen  
  22  2:01  Drone  
  22  2:03  Queen  
  22  2:04  Drone  
  22  2:08  Metabolic Boost  
  26  2:12  Drone  
  28  2:15  Drone  
  28  2:24  Drone  
  28  2:26  Drone  
  30  2:36  Hatchery  
  29  2:37  Drone  
  29  2:39  Zergling x2  
  31  2:45  Baneling Nest  
  31  2:50  Overlord, Drone  
  31  2:59  Drone  
  31  3:00  Zergling x2  
  33  3:06  Drone  
  33  3:09  Drone x3  
  37  3:12  Queen  
  37  3:15  Zergling x2  
  37  3:17  Overlord  
  40  3:21  Drone  
  40  3:22  Drone  
  42  3:31  Baneling  
  42  3:33  Drone x2  
  43  3:34  Drone  
  43  3:37  Drone  
  45  3:41  Evolution Chamber  
  45  3:42  Overlord, Drone x2  
  46  3:48  Overlord  
  46  3:49  Zergling x2  
  46  3:53  Extractor  
  46  3:54  Extractor  
  46  3:55  Drone, Roach Warren  
  45  4:01  Drone x2  
  47  4:06  Drone  
  48  4:10  Zergling x4  
  49  4:18  Drone x3  
  49  4:21  Overlord  
  52  4:27  Overlord  
  51  4:47  Roach  
  51  4:48  Roach x11  
  51  4:51  Roach  
  75  4:55  Roach x2  
  75  4:57  Overlord  
  79  5:01  Roach  
  79  5:06  Overlord  
  80  5:08  Overlord  
  80  5:09  Overlord  
  80  5:11  Overlord  
  79  5:22  Zergling x6  
  79  5:24  Overlord  
  79  5:28  Zergling x10  
  87  5:33  Zergling x6  
  90  5:36  Ravager  
  90  5:37  Ravager  
  90  5:39  Ravager  
  90  5:40  Zergling x8  
  90  5:42  Ravager  
  96  5:43  Ravager  
  96  5:44  Zergling x2  
  96  5:45  Zergling x2  
  96  5:47  Ravager  
  98  5:50  Zergling x2  
  98  5:53  Zergling x2  
  98  5:55  Zergling x2  
  101  5:57  Baneling x3  
  101  5:59  Baneling  
  101  6:02  Baneling  
  101  6:05  Zergling x4  
  101  6:07  Baneling  
  101  6:10  Zergling x2  
  100  6:15  Zergling x12  
  102  6:21  Zergling x6  
  94  6:29  Baneling  
  94  6:31  Zergling x10  
  95  6:34  Zergling x2  
  95  6:39  Zergling x4  
  98  6:44  Baneling x2  
Tags
 
Add a new tag
Caveats
  • Supply blocks, unpowered buildings, or Contaminate may cause inaccurate times.
  • Supply counts are checked every 10 seconds.